 Dungeon Crawl Stone Soup version 0.30-b1-2-g02819fbbbe (webtiles) character file.

Game seed: 5314965144730652074

97 asdfasdf the Trooper (level 4, -9/41 HPs)
             Began as a Hill Orc Fighter on May 2, 2023.
             Was an Initiate of Gozag.
             Blown up by Ijyb (19 damage)
             ... with a mindburst bolt
             ... on level 3 of the Dungeon.
             The game lasted 00:03:37 (1910 turns).

asdfasdf the Trooper (Hill Orc Fighter)             Turns: 1910, Time: 00:03:38

Health: -9/41      AC:  9    Str: 20    XL:     4   Next: 68%
Magic:  4/4        EV:  9    Int:  8    God:    Gozag
Gold:   219        SH:  4    Dex: 10    Spells: 3/3 levels left

rFire   . . .        a - +0 war axe
rCold   . . .        c - +0 buckler
rNeg    . . .        b - +0 scale mail
rPois   .            (no helmet)
rElec   .            q - +0 cloak
rCorr   .            (no gloves)
SInv    .            o - +0 pair of boots
Will    .....        (no amulet) Stlth
                     (no ring)
HPRegen 0.26/turn    (no ring)
MPRegen 0.09/turn

%: no passive effects
@: gold aura
A: no striking features
a: Renounce Religion, Potion Petition, Call Merchant, Bribe Branch


You were on level 3 of the Dungeon.
You worshipped Gozag.
Gozag was aware of your devotion.
You visited 1 branch of the dungeon, and saw 3 of its levels.

You collected 239 gold pieces.
You paid 20 gold pieces to Gozag.

Inventory:

Hand Weapons
 a - a +0 war axe (weapon)
Armour
 b - a +0 scale mail (worn)
 c - a +0 buckler (worn)
 o - a +0 pair of boots (worn)
 q - a +0 cloak (worn)
Scrolls
 e - a scroll of torment {unknown}
 g - a scroll of blinking {unknown}
 h - 2 scrolls of teleportation {unknown}
 l - a scroll of magic mapping {unknown}
 m - a scroll of enchant weapon {unknown}
 n - 2 scrolls of vulnerability {unknown}
 p - 4 scrolls of identify {unknown}
 r - a scroll of fog {unknown}
 t - a scroll of silence {unknown}
Potions
 d - a potion of might
 f - 2 potions of curing {unknown}
 i - 3 potions of heal wounds {unknown}
 j - a potion of haste {unknown}
 k - a potion of flight {unknown}
 s - a potion of resistance {unknown}


   Skills:
 + Level 4.4 Fighting
 + Level 4.2 Axes
 + Level 4.0 Armour
 + Level 0.2 Dodging
 + Level 0.2 Stealth
 + Level 3.6 Shields


You had 3 spell levels left.
You didn't know any spells.
Your spell library contained the following spells:

 Spells                   Type           Power      Damage    Failure   Level
 Sting                    Tmut/Pois      0%         1d3       83%         1
 Poisonous Vapours        Pois/Air       0%         N/A       92%         2
 Sublimation of Blood     Necr           0%         N/A       92%         2
 Olgreb's Toxic Radiance  Pois           0%         N/A       100%        4
 Petrify                  Tmut/Erth      0%         N/A       100%        4
 Irradiate                Conj/Tmut      0%         3d11      100%        5


Dungeon Overview and Level Annotations

Branches:
Dungeon (3/15)

Altars:
Gozag

Annotations:
D:3 Ijyb


Message History

You now have 208 gold pieces (gained 3).
You see here a +0 short sword.
t - a scroll labelled LORUHI COQA You now have 219 gold pieces (gained 11).
Found 6 stones.
A hound comes into view.
The hound barks!
You hear a shout!
A hobgoblin comes into view.
There are monsters nearby!
Ijyb the Twisted Goblin comes into view.
She is wielding a +0 dagger and carrying a wand of mindburst (17).
A frilled lizard comes into view.
The frilled lizard hisses angrily.
Ijyb zaps a wand.
Your mind is blasted!
You slash the hound!
The hound is severely wounded.
You block the hound's attack. The hound bites you but does no damage.
You miss the hound.
The hound is severely wounded.
The hound barely misses you. x2; The hobgoblin barely misses you.
Ijyb zaps a wand.
Your mind is blasted!
* * * LOW HITPOINT WARNING * * *
You slash the hound!
You kill the hound!
You hit the hobgoblin. The hobgoblin barely misses you.
Your Axes skill increases to level 4!
Your Armour skill increases to level 4!
The hobgoblin closely misses you.
You see here 6 gold pieces.
You hit the hobgoblin.
You kill the hobgoblin!
You closely miss the frilled lizard. You hit Ijyb but do no damage.
Ijyb hits you with a +0 dagger.
* * * LOW HITPOINT WARNING * * *
You block the frilled lizard's attack.
You barely miss Ijyb. You slash the frilled lizard!
You kill the frilled lizard!
Ijyb misses you.
You hit Ijyb.
Ijyb is moderately wounded.
Ijyb barely misses you.
Ijyb zaps a wand.
Your mind is blasted!
You die...

........... .......... .
..[......#### #.#
............#######.#.#
#.................#...##
$
#...>......######.......
#[##.............$.....#
.. #..........#.g......#
#.##.......##...@.......
#.####..##.###..$$(....#
#.####..##.#...#.......#
....#..###...###.......#
............## #........
.#.)........# #.......#
.#..........# #.......#
............# #.....###
.#........>.##


You could see Ijyb.

Vanquished Creatures
  A hound (D:3)
  A gnoll (D:1)
  A worm (D:2)
  5 dart slugs
  3 endoplasms
  4 goblins
  5 hobgoblins
  4 jackals (D:1)
  7 ball pythons
  4 bats
  3 frilled lizards
  4 kobolds
  2 rats
44 creatures vanquished.

Notes
Turn   | Place    | Note
-------+----------+-------------------------------------------
     0 | D:1      | asdfasdf the Hill Orc Fighter began the quest for the Orb.
     0 | D:1      | Reached XP level 1. HP: 19/19 MP: 1/1
     8 | D:1      | Noticed a bullfrog
   128 | D:1      | Reached XP level 2. HP: 24/27 MP: 2/2
   317 | D:1      | Reached XP level 3. HP: 29/33 MP: 3/3
  1119 | D:2      | Found an opulent altar of Gozag.
  1236 | D:2      | Became a worshipper of Gozag Ym Sagoz the Greedy
  1632 | D:2      | Found a faded altar of an unknown god.
  1722 | D:2      | Reached XP level 4. HP: 39/40 MP: 4/4
  1902 | D:3      | Noticed Ijyb
  1910 | D:3      | Blown up by Ijyb

Illustrated notes

Levels and vault maps discovered:
D:1:      evilmike_arrival_come_back, layout_loops_ring
D:2:      layout_basic, basic_altar, shapermc_ecumenical_altar_hornbeckon,
          hex_medium
D:3:      layout_rooms, grunt_temple_overflow_open, minmay_misc_feat_five,
          uniq_terence, uniq_jessica, uniq_ijyb

Skill      XL: |  1  2  3  4 |
---------------+-------------+-----
Fighting       | 4 |  4.4
Axes           | 3 4 |  4.2
Armour         | 4 |  4.0
Dodging        | |  0.2
Stealth        | |  0.2
Shields        | |  3.6

Action                     |  1- 3 |  4- 6 || total
---------------------------+-------+-------++-------
  Melee: War axe           |    68 |    15 ||    83
 Armour: Scale mail        |    29 |     9 ||    38
  Dodge: Dodged            |    33 |     7 ||    40
  Block: Buckler           |    11 |     6 ||    17
